 Dungeon Crawl Stone Soup version 0.18-a0-102-gb1241f3 (webtiles) character file.

26 vergilfromua the Skirmisher (level 3, 0/20 HPs)
             Began as a Vine Stalker Abyssal Knight on Nov 15, 2015.
             Was a Follower of Lugonu.
             Slain by an adder (3 damage)
             ... on level 3 of the Dungeon.
             The game lasted 00:04:14 (1335 turns).

vergilfromua the Skirmisher (VSAK)                  Turns: 1335, Time: 00:04:14

Health: 0/20       AC:  3    Str: 14    XL:     3   Next: 8%
Magic:  0/5        EV: 11    Int: 12    God:    Lugonu [*.....]
Gold:   54         SH:  0    Dex: 14    Spells: 0 memorised, 2 levels left

rFire  . . .     SeeInvis .     a - +2 short sword
rCold  . . .     Clarity  .     b - +0 leather armour
rNeg   . . .     SustAt   .     (no shield)
rPois  .         Gourm    .     (no helmet)
rElec  .         Spirit   +     (no cloak)
rCorr  .         Warding  .     (no gloves)
rMut   .         Stasis   .     (no boots)
MR     .....                    (no amulet)
Stlth  +.........               (no ring)
                                (no ring)

@: lethally poisoned (0 -> -2), not resistant to hostile enchantments, very
unstealthy
A: fangs 2, regeneration 1, magic shield, antimagic bite, no device heal 3, rot
immunity
a: Depart the Abyss, Renounce Religion


You were on level 3 of the Dungeon.
You worshipped Lugonu.
Lugonu was aware of your devotion.
You were hungry.

You visited 1 branch of the dungeon, and saw 3 of its levels.
You visited the Abyss 1 time.

You collected 54 gold pieces.

Inventory:

Hand Weapons
 a - a +2 short sword (weapon)
Armour
 b - a +0 leather armour (worn)
Scrolls
 d - a scroll of magic mapping
 e - a scroll of enchant weapon
 f - a scroll of teleportation {unknown}
Comestibles
 c - a bread ration
 g - a slice of pizza


   Skills:
 * Level 3.4 Fighting
 + Level 2.2 Short Blades
 - Level 1.5 Armour
 - Level 0.7 Dodging
 - Level 1.7 Invocations


You had 2 spell levels left.
You didn't know any spells.

Dungeon Overview and Level Annotations

Branches:
Dungeon (3/15)

Altars:
Ashenzari

Annotations:
D:2 Sigmund


Innate Abilities, Weirdness & Mutations

You have extremely sharp teeth.
Your natural rate of healing is unusually fast.
When hurt, damage is shared between your health and your magic reserves.
Your bite disrupts and absorbs the magic of your enemies.
Potions and wands cannot restore your health.
You are immune to rotting.


Message History

You feel sick. The adder bites you but does no damage.
You completely miss the adder. Your bite misses the adder.
The adder is heavily wounded.
* * * LOW HITPOINT WARNING * * *
You feel sick. The adder closely misses you.
You miss the adder.
The adder is heavily wounded.
* * * LOW HITPOINT WARNING * * *
You feel sick. The adder barely misses you. The adder barely misses you.
You barely miss the adder.
The adder is heavily wounded.
The adder bites you but does no damage.
You barely miss the adder.
The adder is heavily wounded.
* * * LOW HITPOINT WARNING * * *
You feel sick. The adder barely misses you.
You hit the adder.
The adder is severely wounded.
The adder bites you. x2
You die...

#..........#.#
.......).....#
####.........#
#.....#####.##
#.............
##......####.##
.............>#
#.##.###.####.#
##+##+###@#
......).S.#
...............#
..........######
..........#
..........#
..........#
..........#
....<.....#


You could see an adder.

Vanquished Creatures
  2 worms (D:1)
  A giant gecko (D:1)
  An orc (D:3)
  A bat (D:1)
  3 hobgoblins (D:1)
  3 kobolds
  A quokka (D:2)
  3 giant newts
  2 goblins
  A rat (D:2)
18 creatures vanquished.

Notes
Turn   | Place    | Note
--------------------------------------------------------------
     0 | Abyss:1  | vergilfromua the Vine Stalker Abyssal Knight began the quest for the Orb.
     0 | Abyss:1  | Reached XP level 1. HP: 11/11 MP: 3/3
    70 | Abyss:1  | Noticed a thrashing horror
    71 | D:1      | Escaped the Abyss
   280 | D:1      | Reached skill level 3 in Fighting
   378 | D:1      | Reached XP level 2. HP: 16/16 MP: 4/4
   390 | D:1      | Reached * piety under Lugonu
  1021 | D:2      | Noticed Sigmund
  1164 | D:2      | Found a shattered altar of Ashenzari.
  1209 | D:3      | Reached XP level 3. HP: 15/20 MP: 5/5
  1335 | D:3      | Slain by an adder

Vault maps used:
D:1:      ncdulo_wetmaze, serial_bayou_crossing
D:2:      gammafunk_temple_overflow_statue, minmay_bad_closet,
          nicolae_ashenzari_panopticon, uniq_sigmund
D:3:      uniq_grinder, uniq_crazy_yiuf_cottage

Action                   || total
-------------------------++-------
Melee: Short sword       ||    82
Invok: Depart the Abyss  ||     1
  Use: Scroll            ||     5
  Eat: Chunk             ||     1
